 Dungeon Crawl Stone Soup version 0.18.1-1-g2f07953 (webtiles) character file.

330 Korgoth the Skirmisher (level 6, 0/84 HPs)
             Began as a Minotaur Berserker on May 12, 2016.
             Was a Priest of Trog.
             Slain by Duvessa
             ... wielding a +0 short sword
              (12 damage)
             ... on level 5 of the Dungeon.
             The game lasted 00:21:33 (3270 turns).

Korgoth the Skirmisher (Minotaur Berserker)         Turns: 3270, Time: 00:21:34

Health: 0/84       AC:  8    Str: 29    XL:     6   Next: 26%
Magic:  5/5        EV:  7    Int:  7    God:    Trog [***...]
Gold:   143        SH: 13    Dex:  9    Spells: 0 memorised, 5 levels left

rFire  + . .     SeeInvis .     a - +1 mace
rCold  . . .     Gourm    .     b - +0 ring mail
rNeg   . . .     Faith    .     n - +0 large shield
rPois  .         Spirit   .     i - +1 hat
rElec  .         Dismiss  .     t - +0 cloak
rCorr  .         Reflect  .     (no gloves)
SustAt .         Harm     .     (no boots)
MR     .....                    (no amulet)
Stlth  ..........               f - +3 ring of intelligence
                                d - ring of protection from fire

@: berserking (expiring), very quick, not resistant to hostile enchantments,
extremely unstealthy
A: retaliatory headbutt, horns 2
a: Berserk, Trog's Hand, Burn Spellbooks, Renounce Religion


You were on level 5 of the Dungeon.
You worshipped Trog.
Trog was most pleased with you.
You were hungry.

You visited 2 branches of the dungeon, and saw 6 of its levels.

You collected 143 gold pieces.

Inventory:

Hand Weapons
 a - a +1 mace (weapon)
 v - a +0 short sword of speed
Missiles
 j - 154 stones (quivered)
 m - 3 needles of confusion
Armour
 b - a +0 ring mail (worn)
 i - a +1 hat (worn)
 n - a +0 large shield (worn)
 t - a +0 cloak (worn)
Jewellery
 d - a ring of protection from fire (left hand)
 f - a +3 ring of intelligence (right hand)
Wands
 x - a wand of disintegration (18/24)
 F - a wand of paralysis (15/24)
Scrolls
 g - a scroll of noise
 k - a scroll of enchant armour {unknown}
 l - a scroll of recharging
 p - 2 scrolls of random uselessness
 u - a scroll of fog {unknown}
 w - a scroll of magic mapping
 y - a scroll of amnesia {unknown}
 B - 2 scrolls of teleportation {unknown}
 C - 3 scrolls of remove curse
Potions
 e - 2 potions of degeneration
 h - a potion of agility {unknown}
 q - a potion of ambrosia {unknown}
 s - a potion of mutation {unknown}
 z - a potion of haste {unknown}
 A - a potion of curing {unknown}
 D - 2 potions of heal wounds {unknown}
Comestibles
 c - 5 bread rations
 o - 2 slices of pizza
 r - a meat ration
 E - 2 chunks of flesh


   Skills:
 + Level 5.4 Fighting
 + Level 5.3 Maces & Flails
 + Level 4.2 Armour
 + Level 4.1 Dodging


You had 5 spell levels left.
You didn't know any spells.

Dungeon Overview and Level Annotations

Branches:
Dungeon (5/15)             Temple (1/1) D:4

Altars:
Ashenzari
Cheibriados
Dithmenos
Elyvilon
Fedhas
Gozag
Kikubaaqudgha
Makhleb
Pakellas
Qazlal
Ru
Trog
Vehumet
Yredelemnul
The Shining One
Jiyva

Shops:
D:3 *   D:5 ?

Annotations:
D:5 Duvessa


Innate Abilities, Weirdness & Mutations

You reflexively headbutt those who attack you in melee.
You have a pair of horns on your head.


Message History

You block Duvessa's attack. The hound bites you.
* * * LOW HITPOINT WARNING * * *
You block Duvessa's attack.
You sock the hound! Your headbutt misses the hound.
The hound is severely wounded.
The hound bites you but does no damage. Duvessa hits you with a short sword.
* * * LOW HITPOINT WARNING * * *
You closely miss Duvessa. Your headbutt misses Duvessa.
Duvessa is lightly wounded.
The hound bites you.
* * * LOW HITPOINT WARNING * * *
You block Duvessa's attack. The hound bites you but does no damage.
You hit Duvessa but do no damage. You headbutt Duvessa.
Duvessa is moderately wounded.
You block Duvessa's attack. You block the hound's attack.
You block Duvessa's attack.
You hit Duvessa.
Duvessa is moderately wounded.
You block the hound's attack. Duvessa hits you with a short sword!
You die...

..........#......### .
...................##.....
..........#...)...............
#.........#...#.#####.........
..........#...#).#............
..............##...##.........
.)............##..#........#..
<.†.......##...#....#.........
..........##8..h@..##.........
#.......h..#....e#............
##........8.∩.8..####.##......
#..######.....#.# #..# .....
...# #..8....##..#..# #.#.
#...# #.<.....##.# .## ..
#..## ..#...#.... ## . #..#
..###..#.#.. ...# ..# ..# ##.


You could see Duvessa (berserk) and a hound.

Vanquished Creatures
  A sky beast (D:5)
  Dowan (D:5)
  A hound (D:4)
  A worker ant (D:4)
  6 adders
  2 oozes
  An adder skeleton (D:5)
  A worm (D:4)
  2 dart slugs
  A giant gecko (D:3)
  An orc (D:4)
  2 ball pythons
  8 bats
  7 giant cockroaches
  6 goblins
  9 hobgoblins
  4 jackals (D:1)
  A quokka (D:3)
  A giant gecko skeleton (D:5)
  6 giant newts
  5 kobolds
  5 rats
72 creatures vanquished.

Notes
Turn   | Place    | Note
--------------------------------------------------------------
     0 | D:1      | Korgoth the Minotaur Berserker began the quest for the Orb.
     0 | D:1      | Reached XP level 1. HP: 19/19 MP: 0/0
    37 | D:1      | Reached XP level 2. HP: 20/27 MP: 1/1
   608 | D:1      | Reached ** piety under Trog
   651 | D:1      | Reached XP level 3. HP: 32/33 MP: 2/2
  1051 | D:2      | Found a snail-covered altar of Cheibriados.
  1100 | D:2      | Found a blossoming altar of Fedhas.
  1103 | D:2      | Found an ancient bone altar of Kikubaaqudgha.
  1506 | D:2      | Reached XP level 4. HP: 41/41 MP: 3/3
  1674 | D:2      | Found a basalt altar of Yredelemnul.
  1825 | D:3      | Reached *** piety under Trog
  1892 | D:3      | Found Gozag's Platinum Reserve.
  1892 | D:3      | Found an opulent altar of Gozag.
  2099 | D:4      | Found a staircase to the Ecumenical Temple.
  2119 | Temple   | Entered the Ecumenical Temple
  2275 | D:4      | Reached XP level 5. HP: 30/47 MP: 4/4
  2544 | D:4      | Reached skill level 5 in Fighting
  3013 | D:5      | Entered Level 5 of the Dungeon
  3025 | D:5      | Found Fip Wez's Magic Scroll Boutique.
  3043 | D:5      | Found a shadowy altar of Dithmenos.
  3046 | D:5      | Found a stormy altar of Qazlal.
  3056 | D:5      | Noticed a sky beast
  3068 | D:5      | Killed a sky beast
  3068 | D:5      | Reached skill level 5 in Maces & Flails
  3068 | D:5      | Reached XP level 6. HP: 42/56 MP: 5/5
  3080 | D:5      | Noticed Dowan
  3108 | D:5      | Killed Dowan
  3257 | D:5      | Noticed Duvessa
  3270 | D:5      | Slain by Duvessa

Skill      XL: |  1  2  3  4  5 |
---------------+----------------+-----
Fighting       | 4 5 |  5.4
Maces & Flails | 4 5 |  5.3
Armour         | 3 4 |  4.2
Dodging        | 3 4 |  4.1

Action                   |  1- 3 |  4- 6 || total
-------------------------+-------+-------++-------
Melee: Mace              |    92 |   111 ||   203
       Headbutt          |    10 |    23 ||    33
Invok: Berserk           |       |     1 ||     1
  Use: Scroll            |     2 |     5 ||     7
  Eat: Chunk             |     2 |     2 ||     4
       Royal jelly       |       |     1 ||     1
       Beef jerky        |       |     1 ||     1
Armor: Animal skin       |    13 |       ||    13
       Ring mail         |    27 |    60 ||    87
       Leather armour    |     2 |       ||     2
Dodge: Dodged            |    58 |    19 ||    77
Block: Large shield      |    22 |    75 ||    97
